AoeStats
← EL LEON

Black Forest

509007313Analyzed
2v2 RM · 8d ago on Sep 25, 2026· 33m 5s· 4 players
Game mode
Random Map
Map size
Medium (4 player)
Population
200
Speed
Normal
Resources
Standard
Victory
Conquest
Starting age
Dark Age
Ending age
Imperial Age
RankedLock teamsTeams togetherTeam positionsShared explorationLock speedFull tech treeHidden civsTurbo modeCheats
Victory
Defeat
🇵🇪 Lithuanians · Peru
1106
+17
🇦🇷 Byzantines · Argentina
1096
+17
🇹🇼 Japanese · Taiwan
1163
-19
🇹🇼 Persians · Taiwan
1084
-15
Harder&Faster
10:13 Feudal Age
10:45 Double-Bit Axe
12:22 Loom
15:31 Castle Age
25:39 Husbandry
25:50 Bloodlines
26:18 Bloodlines
29:49 Horse Collar
31:31 Wheelbarrow
31:31 Redemption
31:52 Gold Mining
33:20 Town Watch
EL LEON
0:28 Loom
14:33 Feudal Age
16:25 Man-at-Arms
19:39 Castle Age
25:24 Horse Collar
25:30 Double-Bit Axe
28:59 Wheelbarrow
28:38 Bow Saw
28:35 Heavy Plow
29:09 Gold Mining
29:42 Light Cavalry
34:28 Imperial Age
31:57 Stone Mining
32:42 Gold Shaft Mining
31:43 Pikeman
32:14 Crossbowman
5A
0:40 Loom
11:29 Feudal Age
16:00 Castle Age
17:07 Double-Bit Axe
20:34 Bloodlines
21:29 Wheelbarrow
24:12 Hand Cart
3A
2:26 Loom
3:00 Loom
12:29 Feudal Age
12:36 Man-at-Arms
17:18 Castle Age
18:56 Fletching
20:20 Double-Bit Axe
21:18 Gold Mining
24:55 Wheelbarrow
25:45 Bodkin Arrow
26:47 Bloodlines
27:15 Scale Barding Armor
28:17 Forging
28:08 Scale Mail Armor
30:45 Chain Barding Armor
30:34 Husbandry
30:53 Pikeman
31:55 Chain Mail Armor
32:56 Iron Casting
Connection lost

Rejoining the realm…

Still unreachable

The connection could not be restored.

Session expired

The server has moved on; the page needs a fresh start.